 Dungeon Crawl Stone Soup version 0.29-a0-639-g29a8cde (webtiles) character file.

Game seed: 14935459187115666488

93 Dawnplanks the Skirmisher (level 4, 0/73 HPs)
             Began as an Ogre Berserker on June 19, 2022.
             Was a Believer of Trog.
             Succumbed to an orc's poison
             ... on level 3 of the Dungeon.
             The game lasted 00:04:05 (2761 turns).

Dawnplanks the Skirmisher (Ogre Berserker)          Turns: 2761, Time: 00:04:06

Health: 0/73       AC:  3    Str: 23    XL:     4   Next: 62%
Magic:  4/4        EV: 10    Int: 14    God:    Trog [**....]
Gold:   80         SH:  0    Dex:  8    Spells: 3/3 levels left

rFire   . . .      SeeInvis .   a - +0 mace
rCold   . . .      Faith    +   (no shield)
rNeg    . . .      Spirit   .   b - +0 animal skin
rPois   .          Reflect  .   (helmet restricted)
rElec   .          Harm     .   (no cloak)
rCorr   .          Rampage  .   (gloves unavailable)
Will    .....                   (boots unavailable)
Stlth   ..........              v - amulet of faith
HPRegen 0.22/turn               t - +6 ring of intelligence
MPRegen 0.09/turn               (no ring)

@: berserking, lethally poisoned (0 -> -28), very quick
A: large, unfitting armour, tough skin 1
a: Renounce Religion, Berserk, Trog's Hand


You were on level 3 of the Dungeon.
You worshipped Trog.
Trog was pleased with you.
You visited 1 branch of the dungeon, and saw 3 of its levels.

You collected 104 gold pieces.
You spent 24 gold pieces at shops.

Inventory:

Hand Weapons
 a - a +0 mace (weapon)
Missiles
 f - 19 stones
 q - 3 javelins (quivered)
Armour
 b - a +0 animal skin (worn)
Jewellery
 t - a +6 ring of intelligence (left hand)
 v - an amulet of faith (around neck)
Wands
 n - a wand of polymorph (8)
 s - a wand of light (14)
Scrolls
 d - 2 scrolls of immolation {unknown}
 g - a scroll of blinking {unknown}
 k - a scroll of torment {unknown}
 l - a scroll of poison {unknown}
 m - a scroll of fear {unknown}
 o - a scroll of fog {unknown}
 r - a scroll of teleportation {unknown}
 w - a scroll of enchant armour {unknown}
Potions
 e - 2 potions of brilliance {unknown}
 h - a potion of flight {unknown}
 i - a potion of resistance
 j - a potion of berserk rage
 p - 3 potions of curing
 u - 2 potions of mutation {unknown}


   Skills:
 + Level 4.5 Fighting
 * Level 4.0 Maces & Flails
 * Level 0.8 Throwing
 + Level 3.1 Dodging


You had 3 spell levels left.
You didn't know any spells.
Your spell library was empty.

Dungeon Overview and Level Annotations

Branches:
Dungeon (3/15)

Altars:

Shops:
D:2 *


Innate Abilities, Weirdness & Mutations

You are too large for most types of armour.
You have tough skin. (AC +1)


Message History

The orc hits you with a +0 short sword of venom.
You are poisoned.
You hit the orc.
The orc is moderately wounded.
You feel very sick.
The orc hits you with a +0 short sword of venom.
You are more poisoned.
The orc wizard shouts!
You hit the orc.
The orc is heavily wounded.
You feel very sick.
The orc hits you with a +0 short sword of venom.
You are more poisoned.
Throw: 4 javelins
Press: ? - help, Q - select action, (/) - cycle Shift-Dir - straight line, f - orc
Aim: an orc, wielding a +0 short sword of venom, wearing a +0 leather armour and quivering poisoned darts (heavily wounded, 56% to hit)
You throw a javelin. The javelin pierces through the orc.
The orc is severely wounded.
You feel extremely sick.
The orc hits you with a +0 short sword of venom.
* * * LOW HITPOINT WARNING * * *
You are more poisoned.
The orc hits you but does no damage. x2
You are more poisoned.
A red film seems to cover your vision as you go berserk!
You feel yourself moving faster!
You feel mighty!
* * * LOW HITPOINT WARNING * * *
You feel extremely sick. The orc misses you.
The orc hits you with a +0 short sword of venom.
* * * LOW HITPOINT WARNING * * *
You are more poisoned.
You closely miss the orc.
The orc is severely wounded.
* * * LOW HITPOINT WARNING * * *
You feel very sick.
You thump the orc!
You kill the orc!
Trog accepts your kill.
You die...

....## ..... ...#
###+#######+###..#
..........#...#..#####
....(.....#...#......#
...)?..†).....'.>#####
..............##.....#
......o@......##.....#
######)##....###.....#
..o #....###.....#
...................#
#............#..#...##
#............#..####.#
#...........##..####.##
###### # #......
#.##.##


You could see an orc wizard and an orc.

Vanquished Creatures
  Jessica (D:2)
  2 adders (D:2)
  2 worms (D:2)
  A dart slug (D:2)
  3 orcs (D:3)
  A bat (D:2)
  4 endoplasms
  A giant cockroach (D:1)
  4 goblins
  3 hobgoblins (D:2)
  5 kobolds
  3 quokkas
  3 ball pythons
  A frilled lizard (D:1)
  7 rats
41 creatures vanquished.

Vanquished Creatures (others)
  5 fungi (D:2)
  4 plants (D:2)
9 creatures vanquished.

Grand Total: 50 creatures vanquished

Notes
Turn   | Place    | Note
-------+----------+-------------------------------------------
     0 | D:1      | Dawnplanks the Ogre Berserker began the quest for the Orb.
     0 | D:1      | Reached XP level 1. HP: 24/24 MP: 1/1
   132 | D:1      | Reached XP level 2. HP: 29/32 MP: 2/2
  1325 | D:2      | Reached XP level 3. HP: 27/40 MP: 3/3
  1733 | D:2      | Found a faded altar of an unknown god.
  1806 | D:2      | Noticed Jessica
  1807 | D:2      | Killed Jessica
  1808 | D:2      | Reached XP level 4. HP: 49/49 MP: 4/4
  1968 | D:2      | Reached ** piety under Trog
  2554 | D:2      | Found Favu's General Store.
  2557 | D:2      | Bought a scroll of identify for 24 gold pieces
  2761 | D:3      | Succumbed to an orc's poison

Illustrated notes

Levels and vault maps discovered:
D:1:      dpeg_arrival_short_road, layout_loops_ring, serial_aquarium,
          aquarium_bridge_square [aquarium_subvault_wall,
          aquarium_subvault_bridge, aquarium_subvault_window,
          aquarium_subvault_wall], aquarium_window_corner, aquarium_window_fake,
          aquarium_window_3, aquarium_window_2, aquarium_view_2a,
          aquarium_pool_1
D:2:      layout_basic, shapermc_ecumenical_altar_mp_urbaneastern, serial_shops,
          nicolae_shop_behind_doors, uniq_jessica
D:3:      layout_basic, ebering_ghost_rock_garden, kennysheep_generic_room_11

Skill      XL: |  1  2  3  4 |
---------------+-------------+-----
Maces & Flails | 3 4 |  4.0
Dodging        | 3 |  3.1
Fighting       | |  4.5
Throwing       | |  0.8

Action                   |  1- 3 |  4- 6 || total
-------------------------+-------+-------++-------
Melee: Mace              |    71 |    46 ||   117
       Punch             |     1 |       ||     1
Throw: Stone             |     2 |       ||     2
       Javelin           |     1 |     4 ||     5
Invok: Berserk           |     1 |     1 ||     2
  Use: Scroll            |       |     3 ||     3
Armor: Animal skin       |    26 |    10 ||    36
Dodge: Dodged            |    40 |    21 ||    61

Table legend: (Time is in decaauts)
 A = Elapsed time spent in this place.
 B = Non-inter-level travel time spent in this place.
 C = Inter-level travel time spent in this place.
 D = Time resting spent in this place.
 E = Time spent auto-exploring this place.
 F = Levels seen in this place.
 G = Mean time per level.
                   A        B        C        D        E       F      G
               +--------+--------+--------+--------+--------+-----+--------+
         Total |   2800 |   2695 |    105 |    540 |   1824 |   3 |  933.3 |
       Dungeon |   2800 |   2695 |    105 |    540 |   1824 |   3 |  933.3 |
               +--------+--------+--------+--------+--------+-----+--------+

Top non-repeatable levels by time:
     D:2: 1579 daAuts
     D:1: 1105 daAuts
     D:3: 115 daAuts
